Flames vs Blues

Created - 31 octobre 2015 at 23:40

Goals
1 2 3 T
Flames 1 1 0 2
Blues 0 2 2 4
Shots
1 2 3 T
Flames 12 7 13 32
Blues 8 18 11 37

1st period

1. Flames , David Backes 6 (Steve Eminger, Eric Staal) at 12:02

Penalties :
Kyle Okposo (STL) for Hooking (Minor) at 12:52

2nd period

2. Blues , Taylor Pyatt 2 (Lee Stempniak, Tyler Arnason) at 2:50
3. Blues , Joe Pavelski 9 (Mike Green) at 16:50 (PP)
4. Flames , Brad Marchand 2 (Craig Adams, Steve Regier) at 18:00

Penalties :
Paul Kariya (STL) for Holding (Minor) at 3:12, Alexander Semin (Cal) for Hooking (Minor) at 13:37, Derek Meech (Cal) for Boarding (Minor) at 16:24

3rd period

5. Blues , Joe Pavelski 10 (Mike Green, Travis Zajac) at 9:16 (PP)
6. Blues , Travis Zajac 5 (Drew Fata) at 13:29

Penalties :
Kevin Shattenkirk (STL) for Hooking (Minor) at 2:08, David Backes (Cal) for Roughing (Minor) at 9:01, Loui Eriksson (STL) for Tripping (Minor) at 9:33, Travis Zajac (STL) for Delaying the game (Minor) at 16:44

Goalie Stats

Pekka Rinne (Cal), 33 saves from 37 shots - (0,892), L, 7-3-1, 60:00 minutes
Tuukka Rask (STL), 30 saves from 32 shots - (0,938), W, 6-4-1, 60:00 minutes

Players Stats for Flames

Player Name              G  A  P  +/- PIM S  H  SB GA TA FO     MP     PP MP  PK MP  
------------------------------------------------------------------------------------
Alexander Semin          0  0  0   0  2   5  3  0  0  1  1/1    22:01   5:24   0:00 
Andrej Sekera            0  0  0  -2  0   1  1  3  0  0  0/0    18:13   0:00   1:09 
Brad Marchand            1  0  1   1  0   2  1  0  0  0  0/0     9:02   0:00   0:19 
Colin Wilson             0  0  0   1  0   0  1  0  0  0  2/4     8:10   0:00   0:00 
Craig Adams              0  1  1   1  0   3  1  1  0  0  0/0    10:46   0:00   1:43 
David Backes             1  0  1   0  2   3  1  1  0  0  0/0    22:35   5:24   0:34 
Derek Meech              0  0  0   0  2   1  1  0  0  0  0/0    17:55   3:53   1:05 
Eric Staal               0  1  1   0  0   5  2  0  1  0  18/36  23:33   5:24   1:33 
Erik Johnson             0  0  0  -1  0   2  0  0  1  0  0/0    18:58   6:02   0:00 
Filip Kuba               0  0  0   2  0   2  3  0  0  0  0/0    23:25   6:02   0:00 
Jordin Tootoo            0  0  0  -1  0   2  0  0  0  0  0/0    17:09   4:31   0:32 
Marcel Goc               0  0  0  -1  0   2  1  1  0  0  5/12   12:46   0:00   0:39 
Mark Bell                0  0  0  -1  0   1  2  0  0  0  0/0    16:37   4:31   0:00 
Milan Hejduk             0  0  0   0  0   0  1  0  0  0  0/0     9:47   0:00   0:00 
Patrik Berglund          0  0  0   0  0   1  1  0  0  1  3/8    14:21   4:31   0:00 
Ron Hainsey              0  0  0   0  0   0  1  0  0  1  0/0    17:01   3:53   1:35 
Steve Eminger            0  1  1   1  0   0  1  3  0  2  0/0    24:27   0:00   1:31 
Steve Regier             0  1  1   0  0   2  2  0  0  1  0/1    10:31   0:00   0:00 

Players Stats for Blues

Player Name              G  A  P  +/- PIM S  H  SB GA TA FO     MP     PP MP  PK MP  
------------------------------------------------------------------------------------
Andrew Cogliano          0  0  0   1  0   0  0  0  2  0  0/1    15:46   0:00   4:23 
Bryce Lampman            0  0  0   1  0   0  1  3  0  0  0/0    23:48   0:00   5:49 
David Perron             0  0  0   0  0   1  2  0  0  0  0/1    14:29   0:57   0:16 
Drew Fata                0  1  1  -1  0   5  0  1  0  1  0/0    19:10   0:00   5:49 
Jake Gardiner            0  0  0   0  0   2  1  0  0  0  0/0    16:21   0:41   4:06 
Joe Pavelski             2  0  2  -1  0   9  2  0  1  1  0/1    17:37   1:43   0:00 
Kevin Shattenkirk        0  0  0  -1  2   0  4  1  0  0  0/0    19:52   1:59   0:00 
Kyle Okposo              0  0  0   1  2   0  3  0  1  0  0/0    11:18   0:00   0:00 
Lee Stempniak            0  1  1   0  0   0  0  0  1  0  0/0     6:48   0:00   0:00 
Loui Eriksson            0  0  0   0  2   2  1  0  0  0  0/0    16:19   0:57   1:43 
Matthew Spiller          0  0  0   0  0   0  0  0  0  0  0/0    16:21   0:41   4:06 
Mike Green               0  2  2   1  0   3  0  0  0  0  0/0    24:29   1:59   0:00 
Nicklas Backstrom        0  0  0  -1  0   1  1  0  1  0  12/23  17:41   0:57   0:41 
Nik Antropov             0  0  0   0  0   5  3  1  0  0  10/17  18:28   0:00   5:16 
Paul Kariya              0  0  0  -1  2   4  1  0  0  0  1/2    17:42   1:43   0:00 
Taylor Pyatt             1  0  1   0  0   3  2  0  0  0  3/3    12:10   0:00   5:16 
Travis Zajac             1  1  2   1  2   2  1  0  0  0  7/13   12:39   1:43   0:00 
Tyler Arnason            0  1  1   0  0   0  3  0  0  0  0/1     9:02   0:00   2:15 

3 Stars

1 - Joe Pavelski (STL)
2 - Travis Zajac (STL)
3 - Brad Marchand (Cal)

Power Play

Flames - 0 on 5 Attempt(s) - 0,00%
Blues - 2 on 3 Attempt(s) - 66,67%

Penalty Kill

Flames - 1 on 3 Attempt(s) - 33,33% - Score 0 goal in Penalty Kill
Blues - 5 on 5 Attempt(s) - 100,00% - Score 0 goal in Penalty Kill

Team Stat

Flames - Hits : 23 - Faceoff Wins : 29 - Blocked Shots : 9 - Penalty Minutes : 6
Blues - Hits : 25 - Faceoff Wins : 33 - Blocked Shots : 6 - Penalty Minutes : 10

Official

Referees : LaRue Dennis and Walsh Ian
Linesman : Pierre Racicot and Tony Sericolo

Game Notes

No Game Note

Finance

Level 1 -- Attendance: 6000 (100,00%) -- Ticket Income 504 000 $
Level 2 -- Attendance: 4568 (91,36%) -- Ticket Income 237 536 $
Level 3 -- Attendance: 1813 (90,65%) -- Ticket Income 54 390 $
Level 4 -- Attendance: 3810 (95,25%) -- Ticket Income 72 390 $
Luxury Box -- Attendance: 952 (95,20%) -- Ticket Income 160 888 $
Game was played at the Scotttrade center'
Total Attendance: 17143 (95,24%)
Total Ticket Income: 1 029 204 $
Other Income: 154 381 $
Total Income: 1 183 585 $

Flames

5 vs 5 Forward 
   Center                   Left Wing                Right Wing               Time % Phy DF OF 
 1 Eric Staal               Alexander Semin          David Backes             40     1   2  2  
 2 Marcel Goc               Mark Bell                Jordin Tootoo            30     1   2  2  
 3 Patrik Berglund          Steve Regier             Milan Hejduk             20     1   2  2  
 4 Colin Wilson             Brad Marchand            Craig Adams              10     1   2  2  

5 vs 5 Defense 
   Defense                  Defense                                           Time % Phy DF OF 
 1 Filip Kuba               Steve Eminger                                     40     1   2  2  
 2 Andrej Sekera            Erik Johnson                                      30     1   2  2  
 3 Derek Meech              Ron Hainsey                                       20     1   2  2  
 4 Andrej Sekera            Steve Eminger                                     10     1   2  2  

PowerPlay Forward 
   Center                   Left Wing                Right Wing               Time % Phy DF OF 
 1 Eric Staal               Alexander Semin          David Backes             60     1   2  2  
 2 Patrik Berglund          Mark Bell                Jordin Tootoo            40     1   2  2  

PowerPlay Defense
   Defense                  Defense                                           Time % Phy DF OF 
 1 Filip Kuba               Erik Johnson                                      60     1   2  2  
 2 Derek Meech              Ron Hainsey                                       40     1   2  2  

Penalty Kill 4 Players Forward 
   Center                   Wing                     Time % Phy DF OF 
 1 Eric Staal               Craig Adams              60     1   3  1  
 2 Marcel Goc               Jordin Tootoo            40     1   3  1  

Penalty Kill 4 Players Defense
   Defense                  Defense                  Time % Phy DF OF 
 1 Derek Meech              Steve Eminger            60     1   3  1  
 2 Andrej Sekera            Ron Hainsey              40     1   3  1  

Penalty Kill - 3 Players Forward 
   Forward                                           Time % Phy DF OF 
 1 Eric Staal                                        60     1   4  0  
 2 David Backes                                      40     1   4  0  

Penalty Kill - 3 Players Defense
   Defense                  Defense                  Time % Phy DF OF 
 1 Derek Meech              Steve Eminger            60     1   4  0  
 2 Andrej Sekera            Ron Hainsey              40     1   4  0  

4 vs 4 Forward 
   Center                   Wing                     Time % Phy DF OF 
 1 Eric Staal               Alexander Semin          60     1   2  2  
 2 Marcel Goc               David Backes             40     1   2  2  

4 vs 4 Defense
   Defense                  Defense                  Time % Phy DF OF 
 1 Derek Meech              Steve Eminger            60     1   2  2  
 2 Filip Kuba               Erik Johnson             40     1   2  2  

Last Minutes Offensive
   Center                   Left Wing                Right Wing               Defense                  Defense                  
   Eric Staal               Alexander Semin          David Backes             Filip Kuba               Erik Johnson             

Last Minutes Defensive
   Center                   Left Wing                Right Wing               Defense                  Defense                  
   Eric Staal               Alexander Semin          David Backes             Derek Meech              Steve Eminger            

Goaltenders
Starting : Pekka Rinne              
Backup : Craig Anderson           

Extra Forwards
Normal : Alexander Semin, Jordin Tootoo, Steve Regier - PP : Colin Wilson, Steve Regier - PK : David Backes
Extra Defensemen
Normal : Erik Johnson, Andrej Sekera, Ron Hainsey - PP : Filip Kuba - PK : Ron Hainsey, Andrej Sekera
Penalty Shots
Eric Staal, Alexander Semin, David Backes, Colin Wilson, Patrik Berglund

Blues

5 vs 5 Forward 
   Center                   Left Wing                Right Wing               Time % Phy DF OF 
 1 Nicklas Backstrom        Paul Kariya              Joe Pavelski             36     1   2  2  
 2 Nik Antropov             David Perron             Loui Eriksson            32     1   2  2  
 3 Travis Zajac             Andrew Cogliano          Kyle Okposo              22     1   2  2  
 4 Tyler Arnason            Taylor Pyatt             Lee Stempniak            10     1   2  2  

5 vs 5 Defense 
   Defense                  Defense                                           Time % Phy DF OF 
 1 Mike Green               Bryce Lampman                                     40     1   2  2  
 2 Kevin Shattenkirk        Drew Fata                                         30     1   2  2  
 3 Matthew Spiller          Jake Gardiner                                     20     1   2  2  
 4 Mike Green               Kevin Shattenkirk                                 10     1   2  2  

PowerPlay Forward 
   Center                   Left Wing                Right Wing               Time % Phy DF OF 
 1 Travis Zajac             Paul Kariya              Joe Pavelski             60     1   2  2  
 2 Nicklas Backstrom        David Perron             Loui Eriksson            40     1   2  2  

PowerPlay Defense
   Defense                  Defense                                           Time % Phy DF OF 
 1 Mike Green               Kevin Shattenkirk                                 60     1   2  2  
 2 Matthew Spiller          Jake Gardiner                                     40     1   2  2  

Penalty Kill 4 Players Forward 
   Center                   Wing                     Time % Phy DF OF 
 1 Nik Antropov             Taylor Pyatt             60     1   2  2  
 2 Tyler Arnason            Andrew Cogliano          40     1   2  2  

Penalty Kill 4 Players Defense
   Defense                  Defense                  Time % Phy DF OF 
 1 Bryce Lampman            Drew Fata                60     1   2  2  
 2 Matthew Spiller          Jake Gardiner            40     1   2  2  

Penalty Kill - 3 Players Forward 
   Forward                                           Time % Phy DF OF 
 1 Andrew Cogliano                                   60     1   2  2  
 2 Nik Antropov                                      40     1   2  2  

Penalty Kill - 3 Players Defense
   Defense                  Defense                  Time % Phy DF OF 
 1 Drew Fata                Jake Gardiner            60     1   2  2  
 2 Drew Fata                Matthew Spiller          40     1   2  2  

4 vs 4 Forward 
   Center                   Wing                     Time % Phy DF OF 
 1 Nik Antropov             Paul Kariya              60     1   2  2  
 2 Travis Zajac             Joe Pavelski             40     1   2  2  

4 vs 4 Defense
   Defense                  Defense                  Time % Phy DF OF 
 1 Kevin Shattenkirk        Bryce Lampman            60     1   2  2  
 2 Mike Green               Drew Fata                40     1   2  2  

Last Minutes Offensive
   Center                   Left Wing                Right Wing               Defense                  Defense                  
   Nicklas Backstrom        Paul Kariya              Joe Pavelski             Kevin Shattenkirk        Mike Green               

Last Minutes Defensive
   Center                   Left Wing                Right Wing               Defense                  Defense                  
   Nik Antropov             Taylor Pyatt             Joe Pavelski             Bryce Lampman            Drew Fata                

Goaltenders
Starting : Tuukka Rask              
Backup : Adam Munro               

Extra Forwards
Normal : Andrew Cogliano, Taylor Pyatt, Joe Pavelski - PP : Andrew Cogliano, Taylor Pyatt - PK : Loui Eriksson
Extra Defensemen
Normal : Drew Fata, Kevin Shattenkirk, Bryce Lampman - PP : Matthew Spiller - PK : Jake Gardiner, Kevin Shattenkirk
Penalty Shots
David Perron, Mike Green, Joe Pavelski, Andrew Cogliano, Travis Zajac

% Time on Ice - Flames

Lines # - Real PCT - Wanted PCT - Time Play
Normal Forward
1 - 36% - 40% - 17:11
2 - 26% - 30% - 12:17
3 - 21% - 20% - 9:47
4 - 17% - 10% - 8:10
Normal Defense
1 - 37% - 40% - 17:32
2 - 28% - 30% - 13:06
3 - 23% - 20% - 10:57
4 - 12% - 10% - 5:50
PP Forward
1 - 54% - 60% - 5:24
2 - 46% - 40% - 4:31
PP Defense
1 - 61% - 60% - 6:02
2 - 39% - 40% - 3:53
PK Forward
1 - 80% - 60% - 2:08
2 - 20% - 40% - 0:32
PK Defense
1 - 57% - 60% - 1:31
2 - 43% - 40% - 1:09
PK3 Forward
1 - 0% - 60%
2 - 0% - 40%
PK3 Defense
1 - 0% - 60%
2 - 0% - 40%
44 Forward
1 - 0% - 60%
2 - 0% - 40%
44 Defense
1 - 0% - 60%
2 - 0% - 40%
Last Minute Offensive  - 0:00
Last Minute Defensive  - 0:00
Total
Forward - 60:00
Defense - 60:00

% Time on Ice - Blues

Lines # - Real PCT - Wanted PCT - Time Play
Normal Forward
1 - 35% - 36% - 16:28
2 - 28% - 32% - 13:15
3 - 23% - 22% - 10:56
4 - 14% - 10% - 6:46
Normal Defense
1 - 38% - 40% - 17:59
2 - 29% - 30% - 13:32
3 - 23% - 20% - 10:49
4 - 11% - 10% - 5:05
PP Forward
1 - 64% - 60% - 1:43
2 - 36% - 40% - 0:57
PP Defense
1 - 74% - 60% - 1:59
2 - 26% - 40% - 0:41
PK Forward
1 - 77% - 60% - 7:40
2 - 23% - 40% - 2:15
PK Defense
1 - 59% - 60% - 5:49
2 - 41% - 40% - 4:06
PK3 Forward
1 - 0% - 60%
2 - 0% - 40%
PK3 Defense
1 - 0% - 60%
2 - 0% - 40%
44 Forward
1 - 0% - 60%
2 - 0% - 40%
44 Defense
1 - 0% - 60%
2 - 0% - 40%
Last Minute Offensive  - 0:00
Last Minute Defensive  - 0:00
Total
Forward - 60:00
Defense - 60:00

Play by Play

1st period


0:01 of 1st period - Nicklas Backstrom wins face-off versus Eric Staal in neutral zone.
0:09 of 1st period - Wrist shot by Joe Pavelski.
0:09 of 1st period - Shot Misses the Net.
0:11 of 1st period - Snap shot by Joe Pavelski.
0:11 of 1st period - Stopped by Pekka Rinne without a rebound.
0:12 of 1st period - Nik Antropov wins face-off versus Marcel Goc in Flames zone.
0:17 of 1st period - Wrist shot by Nik Antropov.
0:17 of 1st period - Shot Misses the Net.
0:19 of 1st period - Slapshot by Drew Fata.
0:19 of 1st period - Stopped by Pekka Rinne without a rebound.
0:20 of 1st period - Nik Antropov wins face-off versus Marcel Goc in Flames zone.
0:53 of 1st period - Slapshot by Nik Antropov.
0:53 of 1st period - Stopped by Pekka Rinne without a rebound.
0:54 of 1st period - Travis Zajac wins face-off versus Patrik Berglund in Flames zone.
1:39 of 1st period - Colin Wilson is hit by Jake Gardiner and loses puck.
2:29 of 1st period - Snap shot by Andrew Cogliano.
2:29 of 1st period - Shot Misses the Net.
2:45 of 1st period - Kevin Shattenkirk is hit by Milan Hejduk and loses puck.
2:56 of 1st period - Joe Pavelski is hit by Steve Regier and loses puck.
3:56 of 1st period - Snap shot by Loui Eriksson.
3:56 of 1st period - Deflect By Nik Antropov.
3:56 of 1st period - Shot Misses the Net.
3:56 of 1st period - Puck is out of play.
3:57 of 1st period - Nicklas Backstrom wins face-off versus Steve Regier in Flames zone.
4:08 of 1st period - Slapshot by Mike Green.
4:08 of 1st period - Deflect By Nicklas Backstrom.
4:08 of 1st period - Stopped by Pekka Rinne without a rebound.
4:09 of 1st period - Nicklas Backstrom wins face-off versus Eric Staal in Flames zone.
4:10 of 1st period - Wrist shot by Joe Pavelski.
4:10 of 1st period - Stopped by Pekka Rinne without a rebound.
4:11 of 1st period - Eric Staal wins face-off versus Nicklas Backstrom in Flames zone.
4:55 of 1st period - Off-side.
4:56 of 1st period - Travis Zajac wins face-off versus Patrik Berglund in neutral zone.
5:21 of 1st period - Derek Meech is hit by Kevin Shattenkirk and loses puck.
6:02 of 1st period - Jordin Tootoo is hit by Travis Zajac and loses puck.
7:48 of 1st period - Mike Green is hit by Eric Staal and loses puck.
8:57 of 1st period - Jake Gardiner is hit by Eric Staal and loses puck.
9:16 of 1st period - Wrist shot by Craig Adams.
9:16 of 1st period - Stopped by Tuukka Rask with a rebound.
9:38 of 1st period - Snap shot by Marcel Goc.
9:38 of 1st period - Stopped by Tuukka Rask with a rebound.
10:16 of 1st period - Snap shot by Eric Staal.
10:16 of 1st period - Stopped by Tuukka Rask with a rebound.
10:37 of 1st period - Backhand shot by Andrew Cogliano.
10:37 of 1st period - Shot Misses the Net.
10:39 of 1st period - Slapshot by Mike Green.
10:39 of 1st period - Shot Misses the Net.
11:18 of 1st period - Kevin Shattenkirk is hit by Alexander Semin and loses puck.
11:37 of 1st period - Icing by Mike Green.
11:38 of 1st period - Patrik Berglund wins face-off versus Nik Antropov in Blues zone.
11:45 of 1st period - Milan Hejduk is hit by David Perron and loses puck.
11:50 of 1st period - Wrist shot by Loui Eriksson.
11:50 of 1st period - Shot Misses the Net.
11:52 of 1st period - Slapshot by Nik Antropov.
11:52 of 1st period - Stopped by Pekka Rinne without a rebound.
11:53 of 1st period - Eric Staal wins face-off versus Nicklas Backstrom in Flames zone.
11:58 of 1st period - Snap shot by David Backes.
11:58 of 1st period - Shot Blocked by Kevin Shattenkirk.
12:00 of 1st period - Snap shot by David Backes.
12:00 of 1st period - Shot Misses the Net.
12:02 of 1st period - Snap shot by David Backes.
12:02 of 1st period - Goal by David Backes - Flames : 1 - Blues : 0.
12:03 of 1st period - Eric Staal wins face-off versus Joe Pavelski in neutral zone.
12:03 of 1st period - David Backes is hit by Kevin Shattenkirk and loses puck.
12:37 of 1st period - Snap shot by Nik Antropov.
12:37 of 1st period - Shot Misses the Net.
12:39 of 1st period - Wrist shot by Loui Eriksson.
12:39 of 1st period - Stopped by Pekka Rinne with a rebound.
12:52 of 1st period - Minor Penalty to Kyle Okposo for Hooking.
12:53 of 1st period - Taylor Pyatt wins face-off versus Eric Staal in Blues zone.
13:07 of 1st period - Wrist shot by Eric Staal.
13:07 of 1st period - Shot Blocked by Drew Fata.
13:59 of 1st period - Wrist shot by Patrik Berglund.
13:59 of 1st period - Stopped by Tuukka Rask with a rebound.
14:01 of 1st period - Slapshot by Erik Johnson.
14:01 of 1st period - Stopped by Tuukka Rask with a rebound.
14:03 of 1st period - Slapshot by Filip Kuba.
14:03 of 1st period - Deflect By Loui Eriksson.
14:03 of 1st period - Stopped by Tuukka Rask with a rebound.
14:05 of 1st period - Wrist shot by Erik Johnson.
14:05 of 1st period - Stopped by Tuukka Rask with a rebound.
14:07 of 1st period - Snap shot by Erik Johnson.
14:07 of 1st period - Shot Misses the Net.
14:09 of 1st period - Slapshot by Filip Kuba.
14:09 of 1st period - Stopped by Tuukka Rask without a rebound.
14:10 of 1st period - Nik Antropov wins face-off versus Eric Staal in Blues zone.
14:52 of 1st period - Penalty to Kyle Okposo is over, Kyle Okposo is back on ice.
15:12 of 1st period - Slapshot by Steve Eminger.
15:12 of 1st period - Shot Misses the Net.
15:14 of 1st period - Slapshot by Andrej Sekera.
15:14 of 1st period - Stopped by Tuukka Rask without a rebound.
15:15 of 1st period - Nicklas Backstrom wins face-off versus Patrik Berglund in Blues zone.
15:20 of 1st period - Slapshot by Mike Green.
15:20 of 1st period - Deflect By Steve Eminger.
15:20 of 1st period - Stopped by Pekka Rinne with a rebound.
16:08 of 1st period - Craig Adams is hit by David Perron and loses puck.
17:57 of 1st period - David Perron is hit by Craig Adams and loses puck.
18:10 of 1st period - Andrej Sekera is hit by Tyler Arnason and loses puck.
18:29 of 1st period - Jordin Tootoo is hit by Bryce Lampman.
18:48 of 1st period - Snap shot by Jordin Tootoo.
18:48 of 1st period - Deflect By Bryce Lampman.
18:48 of 1st period - Stopped by Tuukka Rask with a rebound.
18:50 of 1st period - Slapshot by Mark Bell.
18:50 of 1st period - Stopped by Tuukka Rask with a rebound.
18:52 of 1st period - Slapshot by Derek Meech.
18:52 of 1st period - Shot Misses the Net.
18:58 of 1st period - Wrist shot by Marcel Goc.
18:58 of 1st period - Shot Misses the Net.
19:00 of 1st period - Wrist shot by Jordin Tootoo.
19:00 of 1st period - Deflect By Marcel Goc.
19:00 of 1st period - Shot Misses the Net.
19:00 of 1st period - Puck is out of play.
19:01 of 1st period - Eric Staal wins face-off versus Nik Antropov in Blues zone.
19:06 of 1st period - Snap shot by Alexander Semin.
19:06 of 1st period - Shot Misses the Net.
19:27 of 1st period - Kyle Okposo is hit by Steve Regier and loses puck.
19:36 of 1st period - Kevin Shattenkirk is hit by Derek Meech and loses puck.
19:54 of 1st period - Kevin Shattenkirk is hit by Patrik Berglund and loses puck.
Goals for this period are 1 for Flames vs 0 for Blues.
Shots for this period are 12 for Flames vs 8 for Blues.

2nd period


0:01 of 2nd period - Eric Staal wins face-off versus Nicklas Backstrom in neutral zone.
0:10 of 2nd period - Slapshot by Alexander Semin.
0:10 of 2nd period - Stopped by Tuukka Rask with a rebound.
0:12 of 2nd period - Wrist shot by David Backes.
0:12 of 2nd period - Shot Misses the Net.
0:48 of 2nd period - Icing by Milan Hejduk.
0:49 of 2nd period - Nik Antropov wins face-off versus Patrik Berglund in Flames zone.
0:50 of 2nd period - Snap shot by David Perron.
0:50 of 2nd period - Shot Blocked by Steve Eminger.
0:52 of 2nd period - Slapshot by Jake Gardiner.
0:52 of 2nd period - Stopped by Pekka Rinne without a rebound.
0:53 of 2nd period - Nik Antropov wins face-off versus Eric Staal in Flames zone.
0:54 of 2nd period - Wrist shot by David Perron.
0:54 of 2nd period - Deflect By Erik Johnson.
0:54 of 2nd period - Shot Blocked by Andrej Sekera.
0:54 of 2nd period - Puck is out of play.
0:55 of 2nd period - Eric Staal wins face-off versus Nik Antropov in Flames zone.
1:00 of 2nd period - Erik Johnson is hit by Nik Antropov and loses puck.
1:26 of 2nd period - Snap shot by Nik Antropov.
1:26 of 2nd period - Shot Blocked by Marcel Goc.
1:28 of 2nd period - Slapshot by Jake Gardiner.
1:28 of 2nd period - Stopped by Pekka Rinne without a rebound.
1:29 of 2nd period - Marcel Goc wins face-off versus Nicklas Backstrom in Flames zone.
1:33 of 2nd period - Icing by Filip Kuba.
1:34 of 2nd period - Nicklas Backstrom wins face-off versus Marcel Goc in Flames zone.
1:37 of 2nd period - Wrist shot by Paul Kariya.
1:37 of 2nd period - Stopped by Pekka Rinne without a rebound.
1:38 of 2nd period - Marcel Goc wins face-off versus Nicklas Backstrom in Flames zone.
2:11 of 2nd period - Off-side.
2:12 of 2nd period - Nik Antropov wins face-off versus Eric Staal in neutral zone.
2:39 of 2nd period - Andrej Sekera is hit by Kevin Shattenkirk and loses puck.
2:48 of 2nd period - Snap shot by Lee Stempniak.
2:48 of 2nd period - Shot Misses the Net.
2:50 of 2nd period - Slapshot by Taylor Pyatt.
2:50 of 2nd period - Goal by Taylor Pyatt - Flames : 1 - Blues : 1.
2:51 of 2nd period - Nicklas Backstrom wins face-off versus Marcel Goc in neutral zone.
3:12 of 2nd period - Minor Penalty to Paul Kariya for Holding.
3:13 of 2nd period - Taylor Pyatt wins face-off versus Eric Staal in Blues zone.
3:38 of 2nd period - Nik Antropov is hit by Mark Bell and loses puck.
5:12 of 2nd period - Penalty to Paul Kariya is over, Paul Kariya is back on ice.
5:17 of 2nd period - Snap shot by Nik Antropov.
5:17 of 2nd period - Stopped by Pekka Rinne without a rebound.
5:18 of 2nd period - Nicklas Backstrom wins face-off versus Colin Wilson in Flames zone.
5:19 of 2nd period - Snap shot by Paul Kariya.
5:19 of 2nd period - Shot Blocked by Steve Eminger.
5:21 of 2nd period - Snap shot by Nicklas Backstrom.
5:21 of 2nd period - Shot Misses the Net.
5:23 of 2nd period - Slapshot by Kevin Shattenkirk.
5:23 of 2nd period - Deflect By Paul Kariya.
5:23 of 2nd period - Stopped by Pekka Rinne without a rebound.
5:24 of 2nd period - Colin Wilson wins face-off versus Nicklas Backstrom in Flames zone.
5:49 of 2nd period - Kevin Shattenkirk is hit by David Backes and loses puck.
7:14 of 2nd period - Wrist shot by Andrew Cogliano.
7:14 of 2nd period - Shot Blocked by Andrej Sekera.
7:16 of 2nd period - Backhand shot by Kyle Okposo.
7:16 of 2nd period - Deflect By Travis Zajac.
7:16 of 2nd period - Stopped by Pekka Rinne with a rebound.
7:18 of 2nd period - Wrist shot by Matthew Spiller.
7:18 of 2nd period - Deflect By Kyle Okposo.
7:18 of 2nd period - Shot Misses the Net.
7:18 of 2nd period - Puck is out of play.
7:19 of 2nd period - Travis Zajac wins face-off versus Marcel Goc in Flames zone.
7:44 of 2nd period - Alexander Semin is hit by Nik Antropov and loses puck.
8:30 of 2nd period - Snap shot by Nik Antropov.
8:30 of 2nd period - Deflect By David Perron.
8:30 of 2nd period - Stopped by Pekka Rinne with a rebound.
8:32 of 2nd period - Wrist shot by Loui Eriksson.
8:32 of 2nd period - Stopped by Pekka Rinne with a rebound.
8:40 of 2nd period - Slapshot by Nik Antropov.
8:40 of 2nd period - Stopped by Pekka Rinne without a rebound.
8:41 of 2nd period - Nicklas Backstrom wins face-off versus Eric Staal in Flames zone.
8:48 of 2nd period - Slapshot by Nicklas Backstrom.
8:48 of 2nd period - Shot Blocked by Andrej Sekera.
8:50 of 2nd period - Wrist shot by Paul Kariya.
8:50 of 2nd period - Shot Misses the Net.
8:52 of 2nd period - Slapshot by Paul Kariya.
8:52 of 2nd period - Shot Misses the Net.
8:54 of 2nd period - Snap shot by Joe Pavelski.
8:54 of 2nd period - Stopped by Pekka Rinne without a rebound.
8:55 of 2nd period - Nicklas Backstrom wins face-off versus Eric Staal in Flames zone.
9:04 of 2nd period - Snap shot by Alexander Semin.
9:04 of 2nd period - Stopped by Tuukka Rask without a rebound.
9:05 of 2nd period - Eric Staal wins face-off versus Nicklas Backstrom in Blues zone.
9:18 of 2nd period - Steve Eminger is hit by Joe Pavelski and loses puck.
9:59 of 2nd period - Snap shot by Joe Pavelski.
9:59 of 2nd period - Stopped by Pekka Rinne with a rebound.
10:01 of 2nd period - Wrist shot by Nicklas Backstrom.
10:01 of 2nd period - Shot Misses the Net.
10:27 of 2nd period - Snap shot by Joe Pavelski.
10:27 of 2nd period - Stopped by Pekka Rinne without a rebound.
10:28 of 2nd period - Nik Antropov wins face-off versus Marcel Goc in Flames zone.
10:53 of 2nd period - Steve Regier is hit by Kevin Shattenkirk and loses puck.
13:05 of 2nd period - Icing by Jordin Tootoo.
13:06 of 2nd period - Nik Antropov wins face-off versus Eric Staal in Flames zone.
13:27 of 2nd period - Matthew Spiller is hit by Alexander Semin and loses puck.
13:37 of 2nd period - Minor Penalty to Alexander Semin for Hooking.
13:38 of 2nd period - Eric Staal wins face-off versus Travis Zajac in Flames zone.
15:37 of 2nd period - Penalty to Alexander Semin is over, Alexander Semin is back on ice.
15:58 of 2nd period - Wrist shot by Taylor Pyatt.
15:58 of 2nd period - Stopped by Pekka Rinne without a rebound.
15:59 of 2nd period - Marcel Goc wins face-off versus Tyler Arnason in Flames zone.
16:04 of 2nd period - Slapshot by Tyler Arnason.
16:04 of 2nd period - Shot Misses the Net.
16:06 of 2nd period - Snap shot by Lee Stempniak.
16:06 of 2nd period - Shot Hit the Post.
16:08 of 2nd period - Snap shot by Drew Fata.
16:08 of 2nd period - Stopped by Pekka Rinne with a rebound.
16:10 of 2nd period - Snap shot by Taylor Pyatt.
16:10 of 2nd period - Stopped by Pekka Rinne with a rebound.
16:12 of 2nd period - Wrist shot by Drew Fata.
16:12 of 2nd period - Stopped by Pekka Rinne without a rebound.
16:13 of 2nd period - Travis Zajac wins face-off versus Eric Staal in Flames zone.
16:20 of 2nd period - Wrist shot by Kyle Okposo.
16:20 of 2nd period - Deflect By Travis Zajac.
16:20 of 2nd period - Shot Misses the Net.
16:20 of 2nd period - Puck is out of play.
16:21 of 2nd period - Eric Staal wins face-off versus Travis Zajac in Flames zone.
16:21 of 2nd period - Eric Staal is hit by Kyle Okposo.
16:24 of 2nd period - Minor Penalty to Derek Meech for Boarding.
16:25 of 2nd period - Eric Staal wins face-off versus Paul Kariya in Flames zone.
16:37 of 2nd period - Snap shot by Craig Adams.
16:37 of 2nd period - Stopped by Tuukka Rask without a rebound.
16:38 of 2nd period - Eric Staal wins face-off versus Travis Zajac in Blues zone.
16:39 of 2nd period - Snap shot by Craig Adams.
16:39 of 2nd period - Stopped by Tuukka Rask with a rebound.
16:45 of 2nd period - Craig Adams is hit by Joe Pavelski and loses puck.
16:50 of 2nd period - Slapshot by Joe Pavelski.
16:50 of 2nd period - Goal by Joe Pavelski - Flames : 1 - Blues : 2.
16:51 of 2nd period - Eric Staal wins face-off versus Nicklas Backstrom in neutral zone.
16:54 of 2nd period - Wrist shot by David Backes.
16:54 of 2nd period - Shot Blocked by Bryce Lampman.
17:58 of 2nd period - Slapshot by Steve Regier.
17:58 of 2nd period - Stopped by Tuukka Rask with a rebound.
18:00 of 2nd period - Slapshot by Craig Adams.
18:00 of 2nd period - Deflect By Brad Marchand.
18:00 of 2nd period - Goal by Brad Marchand - Flames : 2 - Blues : 2.
18:01 of 2nd period - Paul Kariya wins face-off versus Eric Staal in neutral zone.
18:01 of 2nd period - Paul Kariya is hit by Andrej Sekera.
18:13 of 2nd period - Wrist shot by David Backes.
18:13 of 2nd period - Shot Blocked by Bryce Lampman.
18:36 of 2nd period - Slapshot by Marcel Goc.
18:36 of 2nd period - Deflect By Jordin Tootoo.
18:36 of 2nd period - Stopped by Tuukka Rask without a rebound.
18:37 of 2nd period - Travis Zajac wins face-off versus Eric Staal in Blues zone.
19:56 of 2nd period - Travis Zajac is hit by Alexander Semin and loses puck.
Goals for this period are 1 for Flames vs 2 for Blues.
Shots for this period are 7 for Flames vs 18 for Blues.

3rd period


0:01 of 3rd period - Alexander Semin wins face-off versus Nicklas Backstrom in neutral zone.
0:10 of 3rd period - Snap shot by Alexander Semin.
0:10 of 3rd period - Shot Misses the Net.
0:12 of 3rd period - Wrist shot by David Backes.
0:12 of 3rd period - Deflect By Alexander Semin.
0:12 of 3rd period - Stopped by Tuukka Rask without a rebound.
0:13 of 3rd period - Nicklas Backstrom wins face-off versus Eric Staal in Blues zone.
0:13 of 3rd period - Nicklas Backstrom is hit by Filip Kuba.
0:50 of 3rd period - Slapshot by David Backes.
0:50 of 3rd period - Stopped by Tuukka Rask with a rebound.
0:52 of 3rd period - Snap shot by Steve Eminger.
0:52 of 3rd period - Deflect By Eric Staal.
0:52 of 3rd period - Stopped by Tuukka Rask without a rebound.
0:53 of 3rd period - Marcel Goc wins face-off versus David Perron in Blues zone.
1:11 of 3rd period - Off-side.
1:12 of 3rd period - Travis Zajac wins face-off versus Patrik Berglund in neutral zone.
1:17 of 3rd period - Snap shot by Andrew Cogliano.
1:17 of 3rd period - Shot Misses the Net.
2:08 of 3rd period - Minor Penalty to Kevin Shattenkirk for Hooking.
2:09 of 3rd period - Eric Staal wins face-off versus Nik Antropov in Blues zone.
3:52 of 3rd period - Bryce Lampman is hit by Ron Hainsey and loses puck.
4:08 of 3rd period - Penalty to Kevin Shattenkirk is over, Kevin Shattenkirk is back on ice.
4:23 of 3rd period - Wrist shot by Joe Pavelski.
4:23 of 3rd period - Stopped by Pekka Rinne with a rebound.
4:50 of 3rd period - Wrist shot by Nik Antropov.
4:50 of 3rd period - Shot Misses the Net.
4:52 of 3rd period - Wrist shot by Loui Eriksson.
4:52 of 3rd period - Shot Misses the Net.
5:36 of 3rd period - Erik Johnson is hit by Kyle Okposo and loses puck.
6:26 of 3rd period - Kyle Okposo is hit by Colin Wilson and loses puck.
6:37 of 3rd period - Colin Wilson is hit by Kyle Okposo and loses puck.
6:50 of 3rd period - Mike Green is hit by Marcel Goc.
7:02 of 3rd period - Alexander Semin is hit by Taylor Pyatt and loses puck.
7:31 of 3rd period - Derek Meech is hit by Nicklas Backstrom and loses puck.
8:40 of 3rd period - Paul Kariya is hit by Mark Bell and loses puck.
8:58 of 3rd period - Slapshot by Drew Fata.
8:58 of 3rd period - Stopped by Pekka Rinne without a rebound.
8:59 of 3rd period - Eric Staal wins face-off versus Nik Antropov in Flames zone.
9:01 of 3rd period - Minor Penalty to David Backes for Roughing.
9:02 of 3rd period - Travis Zajac wins face-off versus Eric Staal in Flames zone.
9:14 of 3rd period - Wrist shot by Joe Pavelski.
9:14 of 3rd period - Shot Blocked by Craig Adams.
9:16 of 3rd period - Snap shot by Mike Green.
9:16 of 3rd period - Deflect By Joe Pavelski.
9:16 of 3rd period - Goal by Joe Pavelski - Flames : 2 - Blues : 3.
9:17 of 3rd period - Nik Antropov wins face-off versus Eric Staal in neutral zone.
9:20 of 3rd period - Slapshot by Mike Green.
9:20 of 3rd period - Shot Blocked by David Backes.
9:22 of 3rd period - Snap shot by Nik Antropov.
9:22 of 3rd period - Stopped by Pekka Rinne without a rebound.
9:23 of 3rd period - Eric Staal wins face-off versus Nik Antropov in Flames zone.
9:23 of 3rd period - Eric Staal is hit by Loui Eriksson.
9:31 of 3rd period - Slapshot by Steve Eminger.
9:31 of 3rd period - Shot Blocked by Bryce Lampman.
9:33 of 3rd period - Minor Penalty to Loui Eriksson for Tripping.
9:34 of 3rd period - Taylor Pyatt wins face-off versus Eric Staal in Blues zone.
9:34 of 3rd period - Taylor Pyatt is hit by Filip Kuba.
9:44 of 3rd period - Taylor Pyatt is hit by Filip Kuba and loses puck.
9:49 of 3rd period - Snap shot by Alexander Semin.
9:49 of 3rd period - Stopped by Tuukka Rask without a rebound.
9:50 of 3rd period - Eric Staal wins face-off versus Nik Antropov in Blues zone.
10:15 of 3rd period - Mark Bell is hit by Tyler Arnason and loses puck.
11:33 of 3rd period - Penalty to Loui Eriksson is over, Loui Eriksson is back on ice.
11:53 of 3rd period - Wrist shot by Brad Marchand.
11:53 of 3rd period - Stopped by Tuukka Rask with a rebound.
11:55 of 3rd period - Slapshot by Colin Wilson.
11:55 of 3rd period - Shot Misses the Net.
12:05 of 3rd period - Andrej Sekera is hit by Paul Kariya and loses puck.
12:15 of 3rd period - Icing by Joe Pavelski.
12:16 of 3rd period - Nicklas Backstrom wins face-off versus Colin Wilson in Blues zone.
12:34 of 3rd period - Icing by Andrej Sekera.
12:35 of 3rd period - Colin Wilson wins face-off versus Nicklas Backstrom in Flames zone.
12:42 of 3rd period - Slapshot by Andrej Sekera.
12:42 of 3rd period - Shot Misses the Net.
13:04 of 3rd period - Slapshot by Eric Staal.
13:04 of 3rd period - Stopped by Tuukka Rask with a rebound.
13:22 of 3rd period - Drew Fata is hit by Steve Eminger and loses puck.
13:29 of 3rd period - Snap shot by Travis Zajac.
13:29 of 3rd period - Goal by Travis Zajac - Flames : 2 - Blues : 4.
13:30 of 3rd period - Eric Staal wins face-off versus Nicklas Backstrom in neutral zone.
14:38 of 3rd period - Taylor Pyatt is hit by Brad Marchand and loses puck.
15:04 of 3rd period - Snap shot by Eric Staal.
15:04 of 3rd period - Shot Misses the Net.
15:06 of 3rd period - Snap shot by Alexander Semin.
15:06 of 3rd period - Deflect By Eric Staal.
15:06 of 3rd period - Stopped by Tuukka Rask with a rebound.
15:08 of 3rd period - Snap shot by David Backes.
15:08 of 3rd period - Stopped by Tuukka Rask without a rebound.
15:09 of 3rd period - Patrik Berglund wins face-off versus Travis Zajac in Blues zone.
15:39 of 3rd period - Wrist shot by Alexander Semin.
15:39 of 3rd period - Stopped by Tuukka Rask with a rebound.
15:41 of 3rd period - Slapshot by Derek Meech.
15:41 of 3rd period - Deflect By Eric Staal.
15:41 of 3rd period - Stopped by Tuukka Rask with a rebound.
15:43 of 3rd period - Snap shot by Derek Meech.
15:43 of 3rd period - Stopped by Tuukka Rask without a rebound.
15:44 of 3rd period - Patrik Berglund wins face-off versus Travis Zajac in Blues zone.
15:45 of 3rd period - Slapshot by Steve Regier.
15:45 of 3rd period - Stopped by Tuukka Rask with a rebound.
16:11 of 3rd period - David Backes is hit by Nik Antropov and loses puck.
16:34 of 3rd period - Snap shot by Marcel Goc.
16:34 of 3rd period - Stopped by Tuukka Rask without a rebound.
16:35 of 3rd period - Marcel Goc wins face-off versus Travis Zajac in Blues zone.
16:42 of 3rd period - Wrist shot by Marcel Goc.
16:42 of 3rd period - Shot Misses the Net.
16:44 of 3rd period - Minor Penalty to Travis Zajac for Delaying the game.
16:45 of 3rd period - Nik Antropov wins face-off versus Eric Staal in Blues zone.
16:56 of 3rd period - Snap shot by Filip Kuba.
16:56 of 3rd period - Shot Blocked by Nik Antropov.
17:10 of 3rd period - Filip Kuba is hit by Tyler Arnason and loses puck.
18:21 of 3rd period - David Backes is hit by Taylor Pyatt and loses puck.
18:44 of 3rd period - Penalty to Travis Zajac is over, Travis Zajac is back on ice.
18:52 of 3rd period - Wrist shot by Nicklas Backstrom.
18:52 of 3rd period - Shot Blocked by Steve Eminger.
18:54 of 3rd period - Slapshot by Drew Fata.
18:54 of 3rd period - Stopped by Pekka Rinne without a rebound.
18:55 of 3rd period - Nicklas Backstrom wins face-off versus Marcel Goc in Flames zone.
18:56 of 3rd period - Wrist shot by Joe Pavelski.
18:56 of 3rd period - Shot Misses the Net.
19:27 of 3rd period - Slapshot by Kevin Shattenkirk.
19:27 of 3rd period - Shot Misses the Net.
19:29 of 3rd period - Slapshot by Mike Green.
19:29 of 3rd period - Stopped by Pekka Rinne with a rebound.
19:47 of 3rd period - Snap shot by Joe Pavelski.
19:47 of 3rd period - Stopped by Pekka Rinne with a rebound.
19:49 of 3rd period - Slapshot by Mike Green.
19:49 of 3rd period - Stopped by Pekka Rinne with a rebound.
19:53 of 3rd period - Snap shot by Nicklas Backstrom.
19:53 of 3rd period - Shot Misses the Net.
19:55 of 3rd period - Wrist shot by Paul Kariya.
19:55 of 3rd period - Stopped by Pekka Rinne with a rebound.
19:57 of 3rd period - Snap shot by Paul Kariya.
19:57 of 3rd period - Stopped by Pekka Rinne without a rebound.
19:58 of 3rd period - Eric Staal wins face-off versus Andrew Cogliano in Flames zone.
Goals for this period are 0 for Flames vs 2 for Blues.
Shots for this period are 13 for Flames vs 11 for Blues.


Output by the SimonT Hockey Simulator (STHS) for François Prévost -- Original Page W3C XHTML 1.0 Valid
Hockey Simulator - Hockey Simulation - Hockey Manager